 Dungeon Crawl Stone Soup version 0.24.0-123-gd5b16e6ec5 (webtiles) character file.

Game seed: 583085549917145189, levelgen mode: deterministic

252 bigcat the Firebug (level 5, 0/38 HPs)
             Began as a Demigod Fire Elementalist on Jan 25, 2020.
             Succumbed to an adder's poison
             ... on level 2 of the Dungeon.
             The game lasted 00:25:57 (2232 turns).

bigcat the Firebug (Demigod Fire Elementalist)      Turns: 2232, Time: 00:25:57

Health: 0/38       AC:  3    Str: 13    XL:     5   Next: 57%
Magic:  0/12       EV: 12    Int: 19    God:
Gold:   114        SH:  3    Dex: 16    Spells: 9/10 levels left

rFire    . . .     SeeInvis .   s - +0 falchion
rCold    . . .     Gourm    .   u - +0 buckler
rNeg     . . .     Faith    .   a - +0 robe {robes of gandalf}
rPois    .         Spirit   .   (no helmet)
rElec    .         Reflect  .   (no cloak)
rCorr    .         Harm     .   (no gloves)
MR       .....                  r - +0 pair of boots
Stlth    ++........             (no amulet)
HPRegen  0.12/turn              (no ring)
MPRegen  0.13/turn              (no ring)

@: lethally poisoned (0 -> -3), very slightly contaminated
A: high mp 1
a: no special abilities


You were on level 2 of the Dungeon.
You were not hungry.

You visited 1 branch of the dungeon, and saw 3 of its levels.

You collected 114 gold pieces.

Inventory:

Hand Weapons
 e - a +0 dagger
 f - a +0 hand axe
 s - a +0 falchion (weapon)
Missiles
 g - 23 sling bullets
 i - 48 stones (quivered)
 j - 61 arrows
Armour
 a - a +0 robe (worn) {robes of gandalf}
 r - a +0 pair of boots (worn)
 u - a +0 buckler (worn)
Scrolls
 b - a scroll of remove curse
 d - 2 scrolls of identify
 n - a scroll of random uselessness
 q - a scroll of magic mapping
 t - a scroll of immolation {unknown}
 w - a scroll of teleportation {unknown}
Potions
 h - a potion of degeneration {unknown}
 k - a potion of haste {unknown}
 l - a potion of brilliance {unknown}
 m - a potion of invisibility {unknown}
 o - a potion of curing {unknown}
 v - a potion of flight {unknown}
Comestibles
 c - 3 rations


   Skills:
 + Level 0.2 Fighting
 + Level 0.3 Long Blades
 + Level 1.0 Throwing
 + Level 2.3 Dodging
 + Level 2.1 Stealth
 + Level 3.1 Spellcasting
 + Level 2.2 Conjurations
 + Level 4.0 Fire Magic


You had 9 spell levels left.
You knew the following spells:

 Your Spells              Type           Power        Failure   Level  Hunger
a - Flame Tongue          Conj/Fire      ##...        7%          1    None

Your spell library contained the following spells:

 Spells                   Type           Power        Failure   Level  Hunger
 Throw Flame              Conj/Fire      ##....       11%         2    ##.....
 Conjure Flame            Conj/Fire      ##......     21%         3    ###....
 Inner Flame              Hex/Fire       ##......     32%         3    ###....
 Sticky Flame             Conj/Fire      ##......     56%         4    ####...
 Fireball                 Conj/Fire      ##........   88%         5    ######.


Dungeon Overview and Level Annotations

Branches:
Dungeon (3/15)


Innate Abilities, Weirdness & Mutations

You have an increased reservoir of magic. (+10% MP)


Message History

Aim: an adder (severely wounded)
You miscast Flame Tongue.
Nothing appears to happen.
The adder bites you but does no damage.
Unknown command.
Casting: Flame Tongue (safe; 7% risk of failure)
Confirm with . or Enter, or press ? or * to list all spells.
You don't have enough magic to cast that spell.
You barely miss the adder.
The adder is heavily wounded.
The adder closely misses you.
You riposte.
You miss the adder.
The adder is heavily wounded.
The adder bites you.
* * * LOW HITPOINT WARNING * * *
You are lethally poisoned!
The adder poisons you!
* * * LOW HITPOINT WARNING * * *
You feel sick.
You hit the adder.
You kill the adder!
You die...

#.####....######.#
#.# #.....<#.....#
#.# #.....##.#####
#.# #.....##.###..
#.# #.....##......
#.# #.....##......
#.# #...####......
#.# ###.#.........
#@# #.#.###..... #†#
#.#.# #.....
#.#####.#†####'###
#>)...............
####.#####.#.########
#..........#.# #
#.##...#####.# #
#.####.# #...# #
#....#.###.##########


There were no monsters in sight!

Vanquished Creatures
  Jessica (D:3)
  Natasha (thrice) (D:2)
  6 adders
  A gnoll (D:1)
  An ooze (D:1)
  A worm (D:2)
  2 dart slugs
  2 leopard geckos
  4 giant cockroaches
  11 goblins
  10 hobgoblins
  7 jackals
  7 kobolds
  2 quokkas (D:2)
  2 ball pythons
  7 bats
  2 frilled lizards
  6 rats
75 creatures vanquished.

Notes
Turn   | Place    | Note
-------+----------+-------------------------------------------
     0 | D:1      | bigcat the Demigod Fire Elementalist began the quest for
                  | the Orb.
     0 | D:1      | Reached XP level 1. HP: 14/14 MP: 5/5
    39 | D:1      | Reached skill level 1 in Conjurations
   118 | D:1      | Reached skill level 3 in Fire Magic
   160 | D:1      | Reached XP level 2. HP: 20/20 MP: 1/7
   627 | D:1      | Reached XP level 3. HP: 26/26 MP: 5/8
  1174 | D:2      | Reached XP level 4. HP: 33/33 MP: 6/10
  1361 | D:2      | Noticed Natasha
  1373 | D:2      | Killed Natasha
  1420 | D:2      | Noticed Natasha
  1429 | D:2      | Killed Natasha
  1447 | D:2      | Noticed Natasha
  1453 | D:2      | Killed Natasha
  1453 | D:2      | Reached XP level 5. HP: 27/38 MP: 4/12
  2194 | D:3      | Noticed Jessica
  2210 | D:3      | Killed Jessica
  2210 | D:3      | Reached skill level 1 in Throwing
  2210 | D:3      | Reached skill level 4 in Fire Magic
  2231 | D:2      | HP: 1/38 [poisoned by an adder]
  2232 | D:2      | Succumbed to an adder's poison

Levels and vault maps discovered:
D:1:      giann_bridges, layout_loops_ring
D:2:      layout_basic, uniq_natasha
D:3:      layout_basic, first_ration, nrook_uturn, uniq_jessica

Skill      XL: |  1  2  3  4  5 |
---------------+----------------+-----
Conjurations   | 1 2 |  2.2
Fire Magic     | 3 4 |  4.0
Spellcasting   | 2 3 |  3.1
Stealth        | 2 |  2.1
Dodging        | 2 |  2.3
Throwing       | 1 |  1.0
Fighting       | |  0.2
Long Blades    | |  0.3

Action                   |  1- 3 |  4- 6 || total
-------------------------+-------+-------++-------
Melee: Hand axe          |    13 |       ||    13
       Falchion          |       |     9 ||     9
Throw: Stone             |    30 |    38 ||    68
 Cast: Flame Tongue      |    68 |    56 ||   124
  Use: Potion            |     1 |       ||     1
       Scroll            |     1 |     3 ||     4
 Stab: Sleeping          |       |     1 ||     1
  Eat: Ration            |     1 |     1 ||     2
Armor: Robe              |    14 |    12 ||    26
Dodge: Dodged            |    36 |    51 ||    87
Block: Buckler           |       |    10 ||    10
       Rpst.: Falchion   |       |    14 ||    14
